 Dungeon Sprint DCSS version 0.26.1-11-gd32895ea62 (webtiles) character file.

Game seed: 5036388197421546218

29 Groucho the Covert (level 3, -4/16 HPs)
             Began as a Spriggan Enchanter on July 6, 2021.
             Was a Believer of Kikubaaqudgha.
             Slain by a phantom (5 damage)
             ... in the Dungeon (Sprint VII: "The Pits").
             The game lasted 00:02:01 (644 turns).

Groucho the Covert (Spriggan Enchanter)              Turns: 644, Time: 00:02:01

Health: -4/16      AC:  2    Str:  5    XL:     3   Next: 1%
Magic:  2/8        EV: 18    Int: 16    God:    Kikubaaqudgha [**....]
Gold:   0          SH:  0    Dex: 16    Spells: 1/7 levels left

rFire    . . .     SeeInvis +   a - +2 dagger
rCold    . . .     Faith    .   (shield restricted)
rNeg     . . .     Spirit   .   b - +0 robe
rPois    .         Reflect  .   (helmet restricted)
rElec    .         Harm     .   (no cloak)
rCorr    .         Rampage  .   (gloves unavailable)
Will     .....     NoTele   +   (boots unavailable)
Stlth    +++++.....             (no amulet)
HPRegen  0.05/turn              (no ring)
MPRegen  0.11/turn              (no ring)

@: confusing touch, very quick
A: very small, unfitting armour, see invisible, speed 3
a: Renounce Religion, Receive Corpses


You were in the Dungeon.
You worshipped Kikubaaqudgha.
Kikubaaqudgha was pleased with you.
You visited 1 branch

Inventory:

Hand Weapons
 a - a +2 dagger (weapon)
Missiles
 j - 10 stones
Armour
 b - a +0 robe (worn)
Scrolls
 i - a scroll of blinking
 k - 3 scrolls of remove curse
 l - 5 scrolls of amnesia
 m - a scroll of summoning
Potions
 c - 2 potions of invisibility
 f - a potion of haste
 g - 4 potions of magic
 h - 2 potions of berserk rage


   Skills:
 - Level 1.1 Short Blades
 - Level 3.0 Dodging
 * Level 10.2 Stealth
 + Level 2.9 Spellcasting
 + Level 3.7 Hexes


You had one spell level left.
You knew the following spells:

 Your Spells              Type           Power        Failure   Level
a - Corona                Hex            15%          4%          1
b - Ensorcelled Hibernat  Hex/Ice        16%          13%         2
c - Confusing Touch       Hex            14%          12%         3

Your spell library contained the following spells:

 Spells                   Type           Power        Failure   Level
 Pain                     Necr           8%           19%         1
 Tukima's Dance           Hex            14%          12%         3
 Dazzling Flash           Conj/Hex       16%          26%         3
 Corpse Rot               Necr/Air       N/A          28%         2
 Sublimation of Blood     Necr           1%           28%         2
 Vampiric Draining        Necr           1%           50%         3


Dungeon Overview and Level Annotations

Branches:
Dungeon (1/1)

Altars:
Ashenzari
Cheibriados
Dithmenos
Elyvilon
Fedhas
Gozag
Hepliaklqana
Kikubaaqudgha
Makhleb
Nemelex Xobeh
Okawaru
Qazlal
Ru
Sif Muna
Trog
Uskayaw
Vehumet
Wu Jian
Xom
Yredelemnul
Zin
The Shining One
Beogh
Jiyva
Lugonu


Innate Abilities, Weirdness & Mutations

You are very small and have problems with some larger weapons.
You are too small for most types of armour.
You have supernaturally acute eyesight. (SInv)
You cover ground extremely quickly.


Message History

The spell is extremely dangerous to cast (12% risk of failure)!
Continue anyway?
Your hands begin to glow red.
The phantom misses you.
You are too injured to fight recklessly!
You are too injured to fight recklessly!
You are too injured to fight recklessly!
You are too injured to fight recklessly!
You are too injured to fight recklessly!
You closely miss the phantom.
The phantom is severely damaged.
The phantom hits you!
* * * LOW HITPOINT WARNING * * *
You completely miss the phantom.
The phantom is severely damaged.
The phantom closely misses you.
Okay, then.
You closely miss the phantom.
The phantom is severely damaged.
The phantom hits you.
You die...
Kikubaaqudgha rasps: "You have failed me!
Welcome... death!"

############
#_________W#
#_________@#
#_______...###########++
##########'##...........
#.?..')))'.##......#..#.
##########.##...........
#...........'...........
#+#####'#####......#..#.
#..#..#..##...........
#..)..W.†#####'#####++


You could see a phantom.

Vanquished Creatures
  An adder (D)
  A river rat (D)
  A bat (D)
  A giant cockroach (D)
  A goblin (D)
  5 jackals (D)
10 creatures vanquished.

Notes
Turn   | Place    | Note
-------+----------+-------------------------------------------
     0 | D        | Groucho the Spriggan Enchanter began the quest for the Orb.
     0 | D        | Reached XP level 1. HP: 9/9 MP: 5/5
    20 | D        | Reached skill level 5 in Stealth
    28 | D        | Reached skill level 6 in Stealth
    42 | D        | Reached skill level 7 in Stealth
    70 | D        | Found a bloodstained altar of Trog.
    70 | D        | Found a shimmering blue altar of Sif Muna.
    70 | D        | Found a viscous altar of Jiyva.
    70 | D        | Found a hazy altar of Hepliaklqana.
    70 | D        | Found an opulent altar of Gozag.
    71 | D        | Found a glowing golden altar of the Shining One.
    71 | D        | Found a glowing silver altar of Zin.
    71 | D        | Found a basalt altar of Yredelemnul.
    71 | D        | Found a shimmering altar of Xom.
    71 | D        | Found an ornate altar of the Wu Jian Council.
    71 | D        | Found a sacrificial altar of Ru.
    71 | D        | Found a stormy altar of Qazlal.
    71 | D        | Found an iron altar of Okawaru.
    71 | D        | Found a sparkling altar of Nemelex Xobeh.
    71 | D        | Found a burning altar of Makhleb.
    71 | D        | Found a blossoming altar of Fedhas.
    71 | D        | Found a white marble altar of Elyvilon.
    71 | D        | Found a shadowy altar of Dithmenos.
    71 | D        | Found a snail-covered altar of Cheibriados.
    73 | D        | Found a radiant altar of Vehumet.
    73 | D        | Found a corrupted altar of Lugonu.
    73 | D        | Found a roughly hewn altar of Beogh.
    74 | D        | Found a hide-covered altar of Uskayaw.
    74 | D        | Found an ancient bone altar of Kikubaaqudgha.
    74 | D        | Found a broken altar of Ashenzari.
    83 | D        | Became a worshipper of Kikubaaqudgha
   394 | D        | Reached skill level 8 in Stealth
   394 | D        | Reached XP level 2. HP: 13/13 MP: 6/6
   400 | D        | Reached skill level 9 in Stealth
   410 | D        | Reached * piety under Kikubaaqudgha
   410 | D        | Identified Kikubaaqudgha's Handbook of Evil (Kikubaaqudgha
                  | gifted it to you in the Dungeon)
   410 | D        | Received a gift from Kikubaaqudgha
   411 | D        | Reached skill level 10 in Stealth
   563 | D        | Learned a level 2 spell: Ensorcelled Hibernation
   570 | D        | Noticed a phantom
   571 | D        | Reached ** piety under Kikubaaqudgha
   572 | D        | Reached XP level 3. HP: 16/16 MP: 8/8
   596 | D        | Learned a level 3 spell: Confusing Touch
   644 | D        | Slain by a phantom

Illustrated notes

Levels and vault maps discovered:
D:        pitsprint [storerooms_1, entrance_room_1, metal_vault_7, armoury_1,
          mini_pit_1, grid_room_1, main_hall_1, silver_pit, the_coven_3,
          the_vestibule_1, steel_vault_5, golden_pit, hallway_of_sentries,
          crystal_vault_2, iron_vault_1, final_vault]

Skill      XL: |  1  2 |
---------------+-------+-----
Stealth        | 8 10 | 10.2
Short Blades   | |  1.1
Dodging        | |  3.0
Spellcasting   | |  2.9
Hexes          | |  3.7

Action                   || total
-------------------------++-------
Melee: Dagger            ||    67
 Cast: Confusing Touch   ||     2
  Use: Potion            ||     3
 Stab: Sleeping          ||     4
       Confused          ||     1
Armor: Robe              ||     5
Dodge: Dodged            ||    49
